Map: Moonlight Madness LE (Void)

Players

Alke - Winner!

  • Race: Protoss Protoss
  • League: Grandmaster

wabbajack

  • Race: Terran Terran
  • League: Grandmaster

VOD

Have the link to the VOD?

Description

Time

  • Played on: July 14, 2015, 10:57 a.m.
  • Length: 12:54
Show
View Real Time Build Order
Export as new Build Order

Alke Protoss - Winner!

Build Orders: Oracle Opening 

Get SALT Encoding   

  12  0:00  Probe  
  13  0:14  Pylon  
  13  0:17  Probe  
  14  0:32  Probe (Chrono Boost)  
  15  0:36  Gateway  
  15  0:42  Probe (Chrono Boost)  
  16  0:45  Assimilator  
  16  0:49  Probe  
  17  1:01  Probe  
  18  1:13  Probe, Assimilator  
  19  1:25  Cybernetics Core, Probe (Chrono Boost)  
  19  1:32  Pylon  
  20  1:36  Probe (Chrono Boost)  
  21  1:42  Probe  
  22  1:55  Probe (Chrono Boost)  
  23  2:04  Stargate  
  23  2:05  Probe (Chrono Boost)  
  24  2:08  Adept  
  24  2:12  Probe  
  27  2:17  Warp Gate  
  27  2:24  Probe (Chrono Boost), Pylon  
  28  2:36  Probe (Chrono Boost)  
  31  2:45  Mothership Core (Chrono Boost)  
  31  2:53  Oracle (Chrono Boost)  
  34  3:02  Probe  
  34  3:03  Nexus  
  35  3:11  Adept  
  37  3:14  Probe  
  38  3:21  Pylon  
  38  3:33  Robotics Facility  
  38  3:37  Pylon  
  38  3:39  Probe  
  39  3:51  Probe  
  39  3:54  Sentry  
  42  4:01  Gateway  
  42  4:03  Probe  
  43  4:16  Probe  
  44  4:21  Immortal (Chrono Boost)  
  48  4:28  Pylon  
  48  4:34  Pylon  
  48  4:35  Probe  
  48  4:37  Probe  
  50  4:39  Assimilator  
  50  4:44  Stalker  
  52  4:49  Probe  
  53  4:54  Pylon  
  47  5:19  Probe  
  47  5:20  Probe  
  47  5:21  Immortal (Chrono Boost)  
  49  5:32  Probe x2 (Chrono Boost)  
  49  5:34  Pylon  
  49  5:35  Assimilator  
  51  5:38  Sentry  
  51  5:40  Stalker  
  58  5:43  Probe (Chrono Boost)  
  58  5:44  Mothership Core (Chrono Boost)  
  58  5:49  Probe (Chrono Boost)  
  59  5:52  Pylon  
  59  5:59  Observer (Chrono Boost)  
  59  6:01  Probe  
  59  6:03  Pylon  
  61  6:08  Zealot x2  
  65  6:13  Probe  
  65  6:17  Probe  
  67  6:19  Observer  
  67  6:20  Nexus  
  67  6:25  Probe  
  69  6:41  Probe  
  69  6:43  Pylon  
  70  6:47  Probe, Robotics Bay  
  70  6:50  Forge  
  70  6:53  Probe  
  70  6:54  Twilight Council  
  72  6:57  Pylon  
  72  6:59  Probe  
  73  7:03  Assimilator  
  73  7:05  Probe, Pylon  
  73  7:07  Assimilator  
  74  7:10  Pylon  
  74  7:12  Probe, Observer  
  74  7:13  Gateway  
  76  7:15  Gateway  
  76  7:18  Probe  
  77  7:24  Probe  
  78  7:30  Probe  
  78  7:34  Colossus  
  78  7:36  Probe  
  80  7:42  Probe  
  87  7:44  Extended Thermal Lance (Chrono Boost)  
  87  7:48  Probe  
  88  8:03  Pylon x2  
  88  8:07  Templar Archives  
  88  8:21  Colossus  
  88  8:25  Probe  
  88  8:27  Pylon  
  88  8:29  Stalker x4  
  88  8:31  Protoss Ground Weapons Level 1 (Chrono Boost)  
  102  8:34  Psionic Storm  
  102  8:35  Probe  
  102  8:37  Probe  
  104  8:47  Probe  
  105  8:54  High Templar x3  
  111  8:56  Gateway x2  
  111  8:59  Gateway, Probe  
  111  9:00  Pylon  
  112  9:07  Pylon  
  112  9:12  Gateway  
  112  9:13  Pylon, High Templar  
  112  9:15  Probe, Gateway  
  115  9:19  Immortal (Chrono Boost)  
  119  9:25  Probe  
  119  9:28  Photon Cannon  
  119  9:29  Photon Cannon  
  120  9:37  Pylon  
  120  9:48  Observer Gravitic Boosters (Chrono Boost)  
  120  9:53  Stargate  
  120  9:55  Fleet Beacon  
  120  10:04  Protoss Air Weapons Level 1  
  120  10:06  Observer  
  121  10:28  Observer  
  122  10:52  Nexus  
  122  10:53  Tempest x2 (Chrono Boost)  
  136  11:10  Assimilator  
  136  11:14  Assimilator  
  136  11:16  Pylon  
  136  11:32  Tempest x2 (Chrono Boost)  
  143  12:11  Tempest x2 (Chrono Boost)  
  151  12:19  Zealot x4  
  151  12:20  Zealot x3  
  151  12:22  Zealot x2  
Show
View Real Time Build Order
Export as new Build Order

wabbajack Terran 

Build Orders: MMM Bio 

Get SALT Encoding   

  12  0:01  SCV  
  13  0:13  SCV  
  14  0:19  Supply Depot  
  14  0:25  SCV  
  15  0:41  SCV  
  16  0:47  Barracks  
  16  1:00  SCV  
  16  1:03  Refinery  
  17  1:12  SCV  
  17  1:15  Barracks  
  18  1:31  Supply Depot  
  18  1:42  Orbital Command  
  18  1:53  Barracks Tech Lab  
  18  1:58  Barracks  
  18  2:06  Barracks Reactor  
  18  2:15  SCV  
  18  2:20  Marine  
  20  2:28  SCV  
  21  2:40  SCV  
  22  2:44  Command Center  
  22  2:45  Stimpack  
  22  2:47  Marine  
  22  2:48  Marine  
  22  2:49  Marine  
  25  2:54  Barracks Tech Lab  
  25  2:58  Supply Depot, SCV  
  26  3:07  Marine x2  
  26  3:09  Marine  
  29  3:13  Marine  
  29  3:14  Concussive Shells  
  30  3:24  Marine  
  30  3:25  Marine  
  30  3:26  Supply Depot  
  32  3:27  SCV  
  32  3:28  Marauder  
  32  3:33  Marauder  
  37  3:42  Marine x2  
  39  3:51  Marauder  
  37  4:00  Marine x2  
  35  4:06  Orbital Command  
  34  4:19  Engineering Bay  
  34  4:33  Orbital Command  
  34  4:34  Marine x2  
  34  4:38  SCV  
  37  4:54  Combat Shields  
  37  4:56  Marine x3  
  37  4:57  Marine  
  41  5:03  SCV  
  22  5:27  SCV x2  
  24  5:32  Terran Infantry Weapons Level 1  
  24  5:34  Marauder  
  24  5:35  Marine  
  27  5:36  Marine  
  27  5:39  SCV x2  
  27  5:42  Missile Turret  
  30  5:47  Missile Turret  
  30  5:51  SCV x2  
  32  5:57  Marauder x2  
  32  5:58  Marine x2  
  38  6:06  Factory  
  38  6:08  SCV  
  38  6:09  SCV  
  40  6:15  Marine  
  40  6:16  Marine  
  42  6:18  Marine  
  42  6:19  Marauder  
  45  6:26  SCV  
  45  6:27  SCV  
  47  6:38  SCV  
  47  6:39  SCV  
  49  6:43  Marauder, Marine x3  
  54  6:49  Supply Depot  
  54  6:50  Supply Depot, SCV  
  55  7:06  Marine  
  55  7:07  Marine, Marauder  
  59  7:21  Barracks Reactor  
  59  7:24  Marine x2  
  59  7:25  Refinery  
  59  7:26  SCV x2, Refinery  
  59  7:27  Refinery, Marine  
  64  7:34  Starport  
  64  7:38  SCV x2, Widow Mine  
  68  7:50  SCV  
  68  8:02  Missile Turret  
  68  8:03  Missile Turret  
  68  8:10  Terran Infantry Armor Level 1  
  68  8:23  Barracks  
  68  8:28  Barracks  
  68  8:34  Barracks  
  68  8:36  Barracks  
  68  8:38  Siege Tank  
  68  8:39  Marine  
  68  8:40  Marine  
  75  8:41  Marauder, Marine x2  
  77  8:51  Supply Depot  
  77  8:54  Supply Depot  
  77  8:55  Supply Depot  
  77  8:56  Supply Depot  
  77  9:08  Armory  
  77  9:20  Barracks Tech Lab  
  77  9:22  Barracks Tech Lab  
  77  9:25  Barracks Tech Lab  
  77  9:30  Marine x2  
  77  9:31  Marauder, Marine x2  
  81  9:33  Siege Tank  
  86  9:41  Supply Depot  
  86  9:42  Supply Depot  
  86  9:44  Supply Depot  
  86  9:55  Marine x2  
  86  9:56  Marine x2, Marauder  
  92  10:05  Siege Tank  
  95  10:11  Drilling Claws  
  95  10:15  Marine x2  
  95  10:17  Marauder  
  99  10:46  Starport  
  98  10:55  Marine, Marauder x2  
  98  10:56  Marauder x2, Marine x2  
  109  11:59  Barracks Tech Lab  
  109  12:00  Medivac  
  109  12:01  Medivac  
Tags
 
Add a new tag
Caveats
  • Supply blocks, unpowered buildings, or Contaminate may cause inaccurate times.
  • Supply counts are checked every 10 seconds.